 Dungeon Crawl Stone Soup version 0.30-a0-722-g3e6e8c874d (webtiles) character file.

Game seed: 13178286030542442824

413 zeratav the Magician (level 7, -1/49 HPs)
             Began as a Djinni Conjurer on Jan 28, 2023.
             Slain by a gnoll
             ... wielding a +0 halberd
              (3 damage)
             ... on level 4 of the Dungeon.
             The game lasted 00:05:11 (3301 turns).

zeratav the Magician (Djinni Conjurer)              Turns: 3301, Time: 00:05:11

Health: -1/49      AC:  3    Str:  6    XL:     7   Next: 14%
Gold:   208        EV: 12    Int: 25    God:
                   SH:  5    Dex: 11

rFire   + + .      SeeInvis .    p - +12 long sword of Hismutz {speed, Int+3, long}
rCold   x . .      Faith    .    (no shield)
rNeg    . . .      Spirit   .    a - +0 robe
rPois   ∞          Reflect  +    (no helmet)
rElec   .          Harm     .    l - +0 cloak
rCorr   .          Rampage  .    (no gloves)
Will    .....                    (boots unavailable)
Stlth   ++                       t - amulet of reflection
HPRegen 0.28/turn                (no ring)
MPRegen 0.00/turn                (no ring)

@: flying
A: sickness immunity, fire resistance 2, cold vulnerability 1, float, innate
caster, HP casting, extra vitality 1
a: no special abilities


You were on level 4 of the Dungeon.
You visited 2 branches of the dungeon, and saw 5 of its levels.

You collected 208 gold pieces.


Innate Abilities, Weirdness & Mutations

You are immune to sickness and miasma.
You are immune to poison.
Your flesh is very heat resistant. (rF++)
You are vulnerable to cold. (rC-)
You float through the air rather than walking.
You learn spells naturally, not from books.
Your magical power is your life essence.
You have superior vitality. (+4 MHP)


   Skills:
 + Level 2.8 Fighting
 - Level 2.1 Dodging
 - Level 1.5 Stealth
 + Level 5.7 Spellcasting


You couldn't memorise any spells.
You knew the following spells:

 Your Spells              Type           Power      Damage    Failure   Level
a - Magic Dart            Conj           100%       1d8       1%          1
b - Searing Ray           Conj           72%        2d7       1%          2
c - Dazzling Flash        Conj/Hex       72%        N/A       2%          3
d - Fulminant Prism       Conj/Hex       18%        3d10      7%          4
e - Iskenderun's Mystic   Conj/Tloc      36%        2d9       7%          4
f - Beastly Appendage     Tmut           72%        N/A       1%          1
g - Ensorcelled Hibernat  Hex/Ice        72%        N/A       1%          2
h - Tukima's Dance        Hex            36%        N/A       2%          3
Your spell library was empty.

Inventory:

Hand Weapons
 p - the +12 long sword of Hismutz (weapon) {speed, Int+3, long}
   (You found it on level 3 of the Dungeon)

   Int:       It affects your intelligence (+3).
Armour
 a - a +0 robe (worn)
 l - a +0 cloak (worn)
   (You found it on level 1 of the Dungeon)
Jewellery
 t - an amulet of reflection (around neck)
   (You found it on level 3 of the Dungeon)
Scrolls
 c - a scroll of summoning {unknown}
 e - 2 scrolls of teleportation {unknown}
 f - 5 scrolls of identify {@r1}
 i - 3 scrolls of magic mapping {!r}
 j - a scroll of noise {unknown}
 o - a scroll of fear {unknown}
 q - a scroll of silence {unknown}
 r - a scroll of enchant weapon {unknown}
 s - a scroll of vulnerability {unknown}
Potions
 b - a potion of magic
 d - a potion of flight {unknown}
 g - a potion of lignification {unknown}
 h - a potion of heal wounds {unknown}
 k - 3 potions of resistance {unknown}
 m - 4 potions of curing {unknown}
 n - 2 potions of haste {unknown}
 u - a potion of might {unknown}
 v - a potion of berserk rage {unknown}

Dungeon Overview and Level Annotations

Branches:
Dungeon (4/15) Zot: 20917  Temple (1/1) D:4 Zot: 5782

Altars:
Cheibriados
Dithmenos
Elyvilon
Fedhas
Gozag
Hepliaklqana
Makhleb
Nemelex Xobeh
Okawaru
Qazlal
Ru
Trog
Uskayaw
Wu Jian
Xom
Yredelemnul
Zin
The Shining One

Shops:
D:3 =

Annotations:
D:3 1 runed translucent door, Crazy Yiuf
D:4 Grinder

#. #.. ... ... #.# #.. #5#
#.. #.# #..
#.################# #..
#######.)gohg.@..5.§....#
#..
..).....J##############'##
#.. .........# #......##
#.. .........#
#.......###†. #...######
#.......#.... ###
#.......#.##†
######....#.. ###.......
#.......)_


You could see Grinder, a hound, 2 gnolls, an orc and an endoplasm.


Message History

You conjure a prism of explosive energy!
A fulminant prism comes into view.
HP[-3]
You take 3 damage, and now have 38/49 hp.
Your fulminant prism crackles loudly.
The blast of energy engulfs the gnoll!!
You kill the gnoll!
The blast of energy engulfs the gnoll!
You kill the gnoll!
You hear a shout! x3
Okay, then.
Your magical contamination has completely faded away.
Things that are here:
a +0 flail {mace}; a gnoll corpse
Things that are here:
a +0 whip of venom {mace}; a +0 flail {mace}; a gnoll corpse HP[+1]
An orc comes into view. It is wielding a +0 club.
Things that are here:
a +0 spear {polearm}; a gnoll corpse A gnoll comes into view.
It is wielding a +0 halberd.
Casting: Fulminant Prism (dangerous; 7% risk of failure)
Confirm with . or Enter, or press ? or * to list all spells.
Aiming: Magic Dart (safe; 1% risk of failure)
Press: ? - help, Shift-Dir - straight line, f - orc
Aim: an orc, wielding a +0 club (100% to hit)
The magic dart hits the orc!
You kill the orc!
Casting: Magic Dart (safe; 1% risk of failure)
Confirm with . or Enter, or press ? or * to list all spells.
Aiming: Magic Dart (safe; 1% risk of failure)
Press: ? - help, Shift-Dir - straight line, f - gnoll
Aim: a gnoll, wielding a +0 halberd (100% to hit)
The magic dart hits the gnoll.
A gnoll comes into view. It is wielding a +0 spear.
An orc comes into view. It is wielding a +0 falchion.
Grinder comes into view.
HP[-1]
You take 1 damage, and now have 38/49 hp.
Casting: Magic Dart (safe; 1% risk of failure)
Confirm with . or Enter, or press ? or * to list all spells.
Aiming: Magic Dart (safe; 1% risk of failure)
Press: ? - help, Shift-Dir - straight line, f/p - gnoll
Aim: a gnoll, wielding a +0 halberd (lightly wounded, 100% to hit)
The magic dart hits the gnoll!
Grinder shouts!
An endoplasm comes into view.
HP[-1]
You take 1 damage, and now have 37/49 hp.
Things that are here:
a +0 spear {polearm}; a gnoll corpse
Things that are here:
a +0 whip of venom {mace}; a +0 flail {mace}; a gnoll corpse HP[+1]
Things that are here:
a +0 flail {mace}; a gnoll corpse Grinder says, "Don't move a muscle."
Grinder blinks!
HP[+1]
A hound comes into view.
Casting: Magic Dart (safe; 1% risk of failure)
Confirm with . or Enter, or press ? or * to list all spells.
Aiming: Fulminant Prism (dangerous; 7% risk of failure)
Press: ? - help, Dir - move target, p - gnoll You conjure a prism of explosive energy!
The hound barks!
A fulminant prism comes into view.
The gnoll hits your fulminant prism with a +0 halberd.
Grinder blinks!
HP[-4]
You take 4 damage, and now have 35/49 hp.
You slash Grinder! Grinder hits you!
The gnoll hits your fulminant prism with a +0 halberd!
HP[-8]
You take 8 damage, and now have 27/49 hp.
You slash Grinder! Grinder gestures at you.
You suddenly lose the ability to move!
The gnoll hits you but does no damage.
Grinder grins, showing sharp teeth.
Grinder hits you.
You writhe in agony.
* * * LOW HITPOINT WARNING * * *
Grinder hits you but does no damage.
The gnoll hits you from afar with a +0 halberd.
* * * LOW HITPOINT WARNING * * *
A giant cockroach comes into view.
Grinder blinks!
The gnoll hits you from afar with a +0 halberd!
* * * LOW HITPOINT WARNING * * *
You can move again.
HP[-26]
You take 26 damage, and now have 1/49 hp.
MASSIVE DAMAGE!! (PAUSE) HP[+1]
As you read the scroll labelled WEOPILL YSIU, it crumbles to dust.
It is a scroll of identify.
i - 3 scrolls of magic mapping Grinder blinks!
The gnoll hits you from afar with a +0 halberd.
You die...

Skill      XL: |  1  2  3  4  5  6 |
---------------+-------------------+-----
Spellcasting   | 4 5 |  5.7
Fighting       | 2 |  2.8
Dodging        | |  2.1
Stealth        | |  1.5

Action                     |  1- 3 |  4- 6 |  7- 9 || total
---------------------------+-------+-------+-------++-------
  Melee: Short sword       |       |     1 |       ||     1
         Long sword        |       |       |     5 ||     5
   Cast: Magic Dart        |    67 |    73 |     7 ||   147
         Searing Ray       |     1 |     2 |       ||     3
         Fulminant Prism   |       |     4 |     3 ||     7
    Use: Scroll            |       |       |     1 ||     1
 Armour: Robe              |     4 |     5 |     2 ||    11
  Dodge: Dodged            |     6 |    18 |     1 ||    25
  Block: Other             |       |       |     1 ||     1

Levels and vault maps discovered:
D:1:      scummos_arrival_simple_crosswalls, layout_loops_ring
D:2:      cheibrodos_greedy_goblins, layout_basic, basic_altar,
          dreamdust_wishing_well, kennysheep_generic_room_13
D:3:      layout_basic, chequers_ecumenical_altar_simple, serial_shops,
          nicolae_shop_window_shopping, uniq_crazy_yiuf_cottage
D:4:      old_forge, layout_basic, okawaru_gym_becter,
          minmay_temple_entry_stoned_glass, uniq_grinder, uniq_edmund
Temple:   nicolae_temple_slightly_damp_pantheon

Notes
Turn   | Place    | Note
-------+----------+-------------------------------------------
     0 | D:1      | zeratav the Djinni Conjurer began the quest for the Orb.
     0 | D:1      | zeratav set off with the following spells memorised: Magic
                  | Dart, Searing Ray, Dazzling Flash, Fulminant Prism,
                  | Iskenderun's Mystic Blast.
     0 | D:1      | Reached XP level 1. HP: 15/15 MP: 0/0
     0 | D:1      | magus.rc [v1.9.6]
    77 | D:1      | Reached XP level 2. HP: 19/21 MP: 0/0
   262 | D:1      | Reached XP level 3. HP: 21/25 MP: 0/0
   262 | D:1      | Learned a level 1 spell: Beastly Appendage
   420 | D:1      | Reached skill level 4 in Spellcasting
  1054 | D:2      | Reached XP level 4. HP: 27/31 MP: 0/0
  1194 | D:2      | Found a hazy altar of Hepliaklqana.
  1924 | D:3      | Identified the +12 long sword of Hismutz {speed, Int+3}
  2128 | D:3      | Found Rasuw's Jewellery Emporium.
  2277 | D:3      | Reached XP level 5. HP: 31/35 MP: 0/0
  2277 | D:3      | Learned a level 2 spell: Ensorcelled Hibernation
  2291 | D:3      | Found a faded altar of an unknown god.
  2612 | D:3      | Found a runed translucent door.
  2613 | D:3      | Noticed Crazy Yiuf
  2694 | D:4      | Found a staircase to the Ecumenical Temple.
  2708 | Temple   | Entered the Ecumenical Temple
  2966 | D:4      | Reached skill level 5 in Spellcasting
  3088 | D:4      | Found an iron altar of Okawaru.
  3097 | D:4      | Noticed Edmund
  3106 | D:4      | Reached XP level 6. HP: 34/41 MP: 0/0
  3108 | D:4      | Killed Edmund
  3109 | D:4      | Reached skill level 2 in Fighting
  3113 | D:4      | Reached XP level 7. HP: 33/49 MP: 0/0
  3113 | D:4      | Learned a level 3 spell: Tukima's Dance
  3286 | D:4      | Noticed Grinder
  3296 | D:4      | Paralysed by Grinder for 3 turns
  3299 | D:4      | HP: 1/49 [gnoll/+0 halberd (15)]
  3301 | D:4      | Slain by a gnoll

Vanquished Creatures
  Edmund (D:4)
  A hound (D:4)
  3 orc priests (D:4)
  4 gnolls (D:4)
  3 adders
  A dart slug (D:1)
  8 orcs (D:4)
  8 ball pythons
  6 endoplasms
  A giant cockroach (D:3)
  15 goblins
  9 hobgoblins
  7 jackals (D:1)
  7 kobolds
  5 quokkas
  4 bats
  4 frilled lizards
  5 rats
92 creatures vanquished.

Vanquished Creatures (others)
  7 fulminant prisms (D:4)
  14 fungi (D:4)
21 creatures vanquished.

Grand Total: 113 creatures vanquished

Table legend:
 A = Non-vault XP
 B = Vault XP
 C = Vault XP percentage of total XP
 D = Non-vault monster count
 E = Vault monster count
 F = Vault count percentage of total count
                 A         B        C        D         E       F
            +---------+---------+-------+---------+---------+-------
      Total |     394 |     196 |  33.2 |      82 |      10 |  10.9
            +---------+---------+-------+---------+---------+-------
        D:1 |      53 |       0 |   0.0 |      31 |       0 |   0.0
        D:2 |      38 |      18 |  32.1 |      17 |       9 |  34.6
        D:3 |      32 |       0 |   0.0 |      13 |       0 |   0.0
        D:4 |     271 |     178 |  39.6 |      21 |       1 |   4.5
            +---------+---------+-------+---------+---------+-------

Illustrated notes

Table legend:
 A = Kills in this place as a percentage of kills in entire the game.
 B = Kills by you in this place as a percentage of kills by you in the entire game.
 C = Kills by friends in this place as a percentage of kills by friends in the entire game.
 D = Other kills in this place as a percentage of other kills in the entire game.
 E = Experience gained in this place as a percentage of experience gained in the entire game.
 F = Experience gained in this place divided by the number of levels of this place that you have seen.
                   A       B       C       D       E      F
               +-------+-------+-------+-------+-------+----------------------
         Total | 100.0 | 100.0 |   N/A |   N/A | 100.0 | 118.0
       Dungeon | 100.0 | 100.0 |   N/A |   N/A | 100.0 | 147.5
               +-------+-------+-------+-------+-------+----------------------

Table legend: (Time is in decaauts)
 A = Elapsed time spent in this place.
 B = Non-inter-level travel time spent in this place.
 C = Inter-level travel time spent in this place.
 D = Time resting spent in this place.
 E = Time spent auto-exploring this place.
 F = Levels seen in this place.
 G = Mean time per level.
                   A        B        C        D        E       F      G
               +--------+--------+--------+--------+--------+-----+--------+
         Total |   3298 |   3145 |    153 |     57 |   2728 |   5 |  659.6 |
       Dungeon |   3081 |   2947 |    134 |     57 |   2549 |   4 |  770.2 |
        Temple |    217 |    199 |     18 |      0 |    179 |   1 |  217.0 |
               +--------+--------+--------+--------+--------+-----+--------+

Top non-repeatable levels by time:
     D:3: 910 daAuts
     D:2: 894 daAuts
     D:1: 844 daAuts
     D:4: 431 daAuts
  Temple: 217 daAuts
